 Dungeon Crawl Stone Soup version 0.19.0-19-g8c6edcc (webtiles) character file.

196 Krapule the Skirmisher (level 6, -8/48 HPs)
             Began as a Formicid Abyssal Knight on Nov 14, 2016.
             Was a Believer of Lugonu.
             Killed by nerve-wracking pain
             ... invoked by an orc priest
              (14 damage)
             ... on level 3 of the Dungeon.
             The game lasted 00:11:42 (2390 turns).

Krapule the Skirmisher (Formicid Abyssal Knight)    Turns: 2390, Time: 00:11:43

Health: -8/48      AC: 12    Str: 15 (17) XL:     6   Next: 4%
Magic:  7/8        EV:  9    Int: 10 (13) God:    Lugonu [**....]
Gold:   157        SH:  0    Dex:  7 (10) Spells: 0 memorised, 5 levels left

rFire  . . .     SeeInvis +     a - +1 spear
rCold  . . .     Gourm    .     v - +3 scale mail
rNeg   . . .     Faith    .     (no shield)
rPois  .         Spirit   .     (helmet unavailable)
rElec  .         Reflect  .     w - +1 cloak
rCorr  .         Harm     .     (no gloves)
MR     .....                    (no boots)
Stlth  ..........               (no amulet)
                                (no ring)
                                (no ring)

@: no status effects
A: permanent stasis, dig shafts and tunnels, four strong arms, antennae 3
a: Dig, Shaft Self, Depart the Abyss, Bend Space, Renounce Religion


You were on level 3 of the Dungeon.
You worshipped Lugonu.
Lugonu was pleased with you.
You were not hungry.

You visited 1 branch of the dungeon, and saw 4 of its levels.
You visited the Abyss 1 time.

You collected 157 gold pieces.

Inventory:

Hand Weapons
 a - a +1 spear (weapon)
Missiles
 s - a throwing net (quivered)
Armour
 v - a +3 scale mail (worn)
 w - a +1 cloak (worn)
Scrolls
 b - 2 scrolls of magic mapping {unknown}
 g - a scroll of recharging {unknown}
 i - a scroll of fog {unknown}
 j - a scroll of enchant weapon {unknown}
 k - 3 scrolls of fear {unknown}
 l - a scroll of enchant armour {unknown}
 n - a scroll of amnesia {unknown}
 o - 2 scrolls of remove curse {unknown}
 r - a scroll of blinking {unknown}
 x - a scroll of noise {unknown}
Potions
 d - a potion of mutation
 e - 2 potions of brilliance
 f - a potion of curing
 m - a potion of flight
 p - a potion of cure mutation {unknown}
 q - a potion of heal wounds {unknown}
 t - 2 potions of degeneration
 u - 3 potions of agility {unknown}
Comestibles
 c - 5 bread rations
 h - a royal jelly


   Skills:
 + Level 4.1 Fighting
 + Level 3.0 Polearms
 + Level 3.4 Armour
 + Level 2.2 Dodging
 + Level 3.6 Invocations


You had 5 spell levels left.
You didn't know any spells.

Dungeon Overview and Level Annotations

Branches:
Dungeon (4/15)
 Temple: D:4-7

Altars:
Ashenzari
Dithmenos
Gozag
Yredelemnul
The Shining One


Innate Abilities, Weirdness & Mutations

You are under a permanent stasis effect.
You can dig through walls and to a lower floor.
Your four strong arms can wield two-handed weapons with a shield.
You have a pair of large antennae on your head. (SInv)


Message History

The orc hits you but does no damage. The hobgoblin completely misses you.
You barely miss the orc. The orc hits you but does no damage.
The orc priest calls down the wrath of Beogh upon you.
Beogh smites you!
* * * LOW HITPOINT WARNING * * *
The hobgoblin closely misses you.
An orc comes into view. It is wielding a club.
It was a potion of degeneration.
There was something very wrong with that liquid.
You feel weakened.
You feel dopey.
You feel clumsy. The orc barely misses you.
It was a potion of curing.
You feel better. The hobgoblin hits you with a club.
* * * LOW HITPOINT WARNING * * *
The orc closely misses you. Space bends around you!
You blink.
* * * LOW HITPOINT WARNING * * *
An orc comes into view. It is wielding a war axe.
The orc priest calls down the wrath of Beogh upon you.
Pain shoots through your body!
You die...

#...........##
#.........##..#
#....8)...###.#
#.........# #..
#.._...g.## ##.
..........### ##
#.#.#.......#
###.#.####.##.#
#@..g.###g.##.####
...........o)gog<.......
#######...oo###.##......
#...o.# #.###....#
#####.# $.. #.....
.#....#......
#....#......
#....#......
..(.....##.....


You could see an orc priest, 4 orcs, a hobgoblin and a goblin.

Vanquished Creatures
  An orc wizard (D:3)
  A centaur skeleton (D:4)
  Robin (D:3)
  A gnoll (D:1)
  A howler monkey skeleton (D:4)
  3 adders
  An ooze (D:4)
  2 worms (D:2)
  3 dart slugs
  2 leopard geckos
  5 orcs
  5 giant cockroaches
  12 goblins
  2 hobgoblins
  3 kobolds
  2 quokkas (D:3)
  7 bats
  15 rats
67 creatures vanquished.

Notes
Turn   | Place    | Note
-------+----------+-------------------------------------------
     0 | Abyss:1  | Krapule the Formicid Abyssal Knight began the quest for the Orb.
     0 | Abyss:1  | Reached XP level 1. HP: 18/18 MP: 2/2
    74 | Abyss:1  | Noticed a rakshasa
    86 | Abyss:1  | Noticed a starcursed mass
    86 | D:1      | Escaped the Abyss
    91 | D:1      | Reached skill level 1 in Dodging
   115 | D:1      | Reached * piety under Lugonu
   115 | D:1      | Reached XP level 2. HP: 24/24 MP: 3/3
   387 | D:1      | Reached XP level 3. HP: 19/29 MP: 4/4
  1398 | D:2      | Reached XP level 4. HP: 37/37 MP: 6/6
  1706 | D:3      | Found a basalt altar of Yredelemnul.
  1737 | D:3      | Found a glowing golden altar of the Shining One.
  1737 | D:3      | Found a shattered altar of Ashenzari.
  1777 | D:3      | Noticed a hungry ghost
  1854 | D:2      | You fall through a shaft for 2 floors!
  1873 | D:4      | Reached ** piety under Lugonu
  1926 | D:4      | Reached skill level 4 in Fighting
  1926 | D:4      | Reached XP level 5. HP: 30/42 MP: 7/7
  2040 | D:3      | Found a shadowy altar of Dithmenos.
  2040 | D:3      | Found an opulent altar of Gozag.
  2369 | D:3      | Noticed Robin
  2382 | D:3      | Killed Robin
  2382 | D:3      | Reached XP level 6. HP: 29/48 MP: 8/8
  2390 | D:3      | Killed from afar by an orc priest

Skill      XL: |  1  2  3  4  5 |
---------------+----------------+-----
Dodging        | 1 2 |  2.2
Invocations    | 3 |  3.6
Fighting       | 4 |  4.1
Armour         | 3 |  3.4
Polearms       | 3 |  3.0

Action                   |  1- 3 |  4- 6 || total
-------------------------+-------+-------++-------
Melee: Spear             |   126 |   178 ||   304
Invok: Depart the Abyss  |     1 |       ||     1
       Bend Space        |       |     1 ||     1
 Abil: Shaft Self        |       |     1 ||     1
  Use: Scroll            |       |     3 ||     3
       Potion            |       |     2 ||     2
  Eat: Chunk             |     1 |     5 ||     6
       Beef jerky        |       |     2 ||     2
Armor: Leather armour    |    22 |       ||    22
       Chain mail        |    11 |    37 ||    48
       Scale mail        |       |    24 ||    24
Dodge: Dodged            |    41 |    63 ||   104
